 Dungeon Crawl Stone Soup version 0.22.1-2-g9c5b331 (webtiles) character file.

284 Fang the Chopper (level 6, -6/39 HPs)
             Began as a Gargoyle Berserker on Nov 12, 2018.
             Was a Believer of Trog.
             Mangled by a wight
             ... wielding a +0 flail
              (8 damage)
             ... on level 4 of the Dungeon.
             The game lasted 00:02:12 (2461 turns).

Fang the Chopper (Gargoyle Berserker)               Turns: 2461, Time: 00:02:13

Health: -6/39      AC: 10    Str: 22    XL:     6   Next: 29%
Magic:  6/6        EV: 11    Int:  8    God:    Trog [**....]
Gold:   150        SH:  0    Dex:  9    Spells: 5/5 levels left

rFire    . . .     SeeInvis .   a - +0 hand axe
rCold    . . .     Gourm    .   (no shield)
rNeg     + . .     Faith    .   g - +0 ring mail
rPois    ∞         Spirit   .   (no helmet)
rElec    +         Reflect  .   d - scarf {cloud immunity}
rCorr    .         Harm     .   (no gloves)
MR       .....                  (no boots)
Stlth    ..........             (no amulet)
HPRegen  0.13/turn              n - ring of wizardry (curse)
MPRegen  0.10/turn              (no ring)

@: berserk cooldown, slowed, very slow
A: negative energy resistance 1, electricity resistance, unbreathing,
petrification resistance, rot immunity, AC +4
a: Berserk, Trog's Hand, Renounce Religion


You were on level 4 of the Dungeon.
You worshipped Trog.
Trog was pleased with you.
You were hungry.

You visited 1 branch of the dungeon, and saw 4 of its levels.

You collected 150 gold pieces.

Inventory:

Hand Weapons
 a - a +0 hand axe (weapon)
Armour
 d - a scarf of cloud immunity (worn)
 g - a +0 ring mail (worn)
Jewellery
 n - a cursed ring of wizardry (left hand)
Scrolls
 b - 3 scrolls of identify {unknown}
 e - 2 scrolls of remove curse {unknown}
 f - 2 scrolls of teleportation {unknown}
 h - a scroll of amnesia {unknown}
 j - 2 scrolls of blinking {unknown}
 m - a scroll of enchant armour {unknown}
 o - a scroll of magic mapping {unknown}
 r - a scroll of enchant weapon {unknown}
Potions
 i - a potion of haste {unknown}
 k - a potion of curing {unknown}
 l - 2 potions of degeneration {unknown}
 p - a potion of might {unknown}
 q - a potion of flight {unknown}
 s - a potion of heal wounds {unknown}
 t - a potion of agility {unknown}
 u - a potion of mutation {unknown}
Comestibles
 c - 5 rations
 v - 3 chunks of flesh


   Skills:
 + Level 4.3 Fighting
 + Level 5.0 Axes
 + Level 3.2 Armour
 + Level 2.2 Dodging


You had 5 spell levels left.
You didn't know any spells.
Your spell library was empty.

Dungeon Overview and Level Annotations

Branches:
Dungeon (4/15)
 Temple: D:4-7

Altars:
Cheibriados
Yredelemnul


Innate Abilities, Weirdness & Mutations

You are resistant to torment.
Your stone body is resilient. (AC +4)
You are immune to poison.
You resist negative energy. (rN+)
You are resistant to electric shocks. (rElec)
You can survive without breathing.
You are immune to petrification.
You are immune to rotting.


Message History

The orc misses you. The wight closely misses you.
The orc hits you but does no damage. The wight hits you but does no damage.
The wight misses you.
The orc hits you from afar with a trident.
* * * LOW HITPOINT WARNING * * *
The wight completely misses you. The wight misses you.
The wight barely misses you. The wight closely misses you.
The orc hits you from afar with a trident.
* * * LOW HITPOINT WARNING * * *
The wight hits you with an enchanted falchion.
* * * LOW HITPOINT WARNING * * *
The wight closely misses you. The wight barely misses you.
The wight closely misses you. The orc barely misses you.
The wight hits you but does no damage. The wight closely misses you.
The orc hits you but does no damage. The wight hits you but does no damage.
The wight completely misses you. x2
There is a stone staircase leading up, spattered with blood here.
The wight hits you with a flail!
You die...

...## ##..## ##...... #))#
#..## ##..##.†. # #))## ###
##...###..###... #.
##..###.#####....#...## ....
#..
#...................##...##
#...#.......................##
#...........o..............##
#.......[...zz8[...........#
###.........z8@8.............
#########...8...............
#............####...
#....(..#...## ...
#####......... ##.........
#..(..#### ......# .....#


You could see 3 wights and an orc.

Vanquished Creatures
  2 wights (D:4)
  An orc priest (D:4)
  A hound (D:4)
  Natasha (twice) (D:4)
  An adder (D:3)
  An ooze (D:2)
  8 dart slugs
  2 worms (D:3)
  A leopard gecko (D:2)
  7 orcs
  A ball python (D:3)
  7 bats
  3 giant cockroaches
  8 goblins
  2 hobgoblins
  2 jackals (D:3)
  4 frilled lizards
  3 kobolds
  3 rats
59 creatures vanquished.

Notes
Turn   | Place    | Note
-------+----------+-------------------------------------------
     0 | D:1      | Fang the Gargoyle Berserker began the quest for the Orb.
     0 | D:1      | Reached XP level 1. HP: 14/14 MP: 1/1
   309 | D:1      | Reached XP level 2. HP: 19/19 MP: 2/2
   314 | D:1      | Reached skill level 3 in Axes
   973 | D:2      | Reached XP level 3. HP: 18/24 MP: 3/3
  1102 | D:2      | Found a snail-covered altar of Cheibriados.
  1123 | D:2      | Found a basalt altar of Yredelemnul.
  1471 | D:3      | Reached ** piety under Trog
  1682 | D:3      | Reached XP level 4. HP: 28/29 MP: 4/4
  2226 | D:4      | Noticed Natasha
  2235 | D:4      | Killed Natasha
  2235 | D:4      | Reached skill level 4 in Axes
  2237 | D:4      | Reached XP level 5. HP: 33/33 MP: 5/5
  2390 | D:4      | Noticed Natasha
  2402 | D:4      | Killed Natasha
  2438 | D:4      | Reached XP level 6. HP: 39/39 MP: 6/6
  2441 | D:4      | Reached skill level 5 in Axes
  2455 | D:4      | HP: 1/39 [wight/enchanted falchion (5)]
  2461 | D:4      | Mangled by a wight

Skill      XL: |  1  2  3  4  5  6 |
---------------+-------------------+-----
Axes           | 3 4 5 |  5.0
Fighting       | 4 |  4.3
Dodging        | 2 |  2.2
Armour         | 3 |  3.2

Action                   |  1- 3 |  4- 6 || total
-------------------------+-------+-------++-------
Melee: Hand axe          |   129 |    83 ||   212
Invok: Berserk           |       |     2 ||     2
  Eat: Chunk             |     3 |     3 ||     6
Armor: Animal skin       |     6 |       ||     6
       Ring mail         |    39 |    53 ||    92
Dodge: Dodged            |    93 |    82 ||   175
